 Dungeon Crawl Stone Soup version 0.31.0-12-g77e489cdc1 (webtiles) character file.

Game seed: 6383335198326587460

44 SquareRootOfTwo the Conjurer (level 3, -1/19 HPs)
             Began as a Deep Elf Conjurer on Feb 12, 2024.
             Was an Initiate of Vehumet.
             Succumbed to Jessica's poison
             ... on level 3 of the Dungeon.
             The game lasted 00:02:24 (2065 turns).

SquareRootOfTwo the Conjurer (Deep Elf Conjurer)    Turns: 2065, Time: 00:02:25

Health: -1/19      AC:  2    Str:  4    XL:     3   Next: 39%
Magic:  4/9        EV: 12    Int: 24    God:    Vehumet [......]
Gold:   143        SH:  0    Dex: 13    Spells: 5/8 levels left

rFire   . . .        (no weapon)
rCold   . . .        (no shield)
rNeg    . . .        a - +0 robe
rPois   .            (no helmet)
rElec   .            (no cloak)
rCorr   .            (no gloves)
SInv    .            (no boots)
Will    .....        (no amulet)
Stlth   ++           (no ring)
HPRegen 0.23/turn    (no ring)
MPRegen 0.11/turn

%: no passive effects
@: lethally poisoned (-1 -> -23)
A: no striking features
a: Renounce Religion


You were on level 3 of the Dungeon.
You worshipped Vehumet.
Vehumet was noncommittal.
You visited 1 branch of the dungeon, and saw 3 of its levels.

You collected 143 gold pieces.

Inventory:

Armour
 a - a +0 robe (worn)
Scrolls
 c - 4 scrolls of identify {unknown}
 d - a scroll of revelation {unknown}
 h - a scroll of vulnerability {unknown}
 i - 2 scrolls of summoning {unknown}
 j - a scroll of poison {unknown}
 k - a scroll of blinking {unknown}
 m - a scroll of noise {unknown}
 n - a scroll of enchant weapon {unknown}
Potions
 b - a potion of magic
 e - 5 potions of curing {unknown}
 f - 2 potions of resistance {unknown}
 g - a potion of attraction {unknown}
 l - 2 potions of brilliance {unknown}


   Skills:
 + Level 2.7 Dodging
 + Level 2.6 Stealth
 + Level 3.4 Spellcasting
 + Level 5.3 Conjurations


You had 5 spell levels left.
You knew the following spells:

 Your Spells              Type           Power      Damage    Failure   Level
a - Magic Dart            Conj           100%       1d8       1%          1
b - Searing Ray           Conj           58%        2d6       1%          2

Your spell library contained the following spells:

 Spells                   Type           Power      Damage    Failure   Level
 Frozen Ramparts          Ice            8%         1d2       30%         3
 Fulminant Prism          Conj/Alch      8%         3d7       34%         4
 Iskenderun's Mystic Bla  Conj/Tloc      17%        2d5       34%         4
 Leda's Liquefaction      Alch/Erth      2%         N/A       71%         4
 Petrify                  Alch/Erth      4%         N/A       71%         4
 Metabolic Englaciation   Hex/Ice        2%         N/A       96%         5


Dungeon Overview and Level Annotations

Branches:
Dungeon (3/15)

Altars:
Vehumet

Shops:
D:3 :

Annotations:
D:3 Sigmund


Message History

A frilled lizard is nearby!
A frilled lizard is nearby!
A frilled lizard is nearby!
The magic dart hits the frilled lizard.
You kill the frilled lizard!
Vehumet accepts your kill.
You can't see any susceptible monsters within range! (Use Z to cast anyway.)
You can't see any susceptible monsters within range! (Use Z to cast anyway.)
You can't see any susceptible monsters within range! (Use Z to cast anyway.)
You can't see any susceptible monsters within range! (Use Z to cast anyway.) Jessica the Apprentice Sorceress comes into view.
She is wielding a +1 dagger of venom.
Jessica shouts!
Jessica moves out of view.
Jessica is nearby!
Jessica is nearby!
Jessica is nearby!
The magic dart hits Jessica.
Jessica is moderately wounded.
The magic dart hits Jessica.
Jessica is heavily wounded.
Jessica hits you with a +1 dagger of venom.
You are lethally poisoned!
The magic dart hits Jessica.
Jessica is almost dead.
You feel very sick.
Jessica hits you with a +1 dagger of venom.
* * * LOW HITPOINT WARNING * * *
You are more poisoned.
You are too injured to fight recklessly!
You are too injured to fight recklessly!
Casting: Magic Dart (safe; 1% risk of failure)
Confirm with . or Enter, or press ? or * to list all spells.
Aiming: Searing Ray (safe; 1% risk of failure)
Press: ? - help, Shift-Dir - straight line, f/p - Jessica
Aim: Jessica, wielding a +1 dagger of venom and wearing a +0 robe (almost dead, 79% to hit)
The searing ray hits Jessica.
You kill Jessica!
Vehumet accepts your kill. (Press . to maintain the ray.)
You die...

.. ... .... #.. ..
.#..##.. #..##.## ....#.
# #..#≈.≈# #...## ###..
≈∩≈# #..# .... ≈≈# #..
##.. #.# #### ##.
####..)###.#####...####.
.......@................
.###...##..#.###........
#.?...# #..#.## #.#####.
.####. #.....###.# ## #
#.........#
###.....##########
...............>...
####..#############
.....


There were no monsters in sight!

Vanquished Creatures
  Jessica (D:3)
  An adder (D:3)
  An endoplasm (D:1)
  A giant cockroach (D:2)
  4 goblins
  3 hobgoblins
  A quokka (D:2)
  6 ball pythons
  4 bats
  A frilled lizard (D:3)
  6 kobolds
  3 rats
32 creatures vanquished.

Notes
Turn   | Place    | Note
-------+----------+-------------------------------------------
     0 | D:1      | SquareRootOfTwo the Deep Elf Conjurer began the quest for
                  | the Orb.
     0 | D:1      | Reached XP level 1. HP: 10/10 MP: 6/6
   416 | D:1      | Reached XP level 2. HP: 15/15 MP: 5/8
   908 | D:2      | Reached skill level 5 in Conjurations
  1285 | D:2      | Found a radiant altar of Vehumet.
  1471 | D:2      | Became a worshipper of Vehumet
  1686 | D:3      | Noticed Sigmund
  1779 | D:3      | Reached XP level 3. HP: 19/19 MP: 7/9
  1782 | D:3      | Learned a level 2 spell: Searing Ray
  2044 | D:3      | Found Ruituw's Book Shop.
  2060 | D:3      | Noticed Jessica
  2065 | D:3      | Killed Jessica
  2065 | D:3      | Succumbed to Jessica's poison

Illustrated notes

Levels and vault maps discovered:
D:1:      dpeg_arrival_solitude, layout_basic, hangedman_decor_growths,
          serial_bayou_crossing
D:2:      layout_loops_cross, basic_altar
D:3:      layout_loops_ring, mainiacjoe_overflow_alcove_2, serial_shops,
          nicolae_shop_tiny_waterfront, uniq_jessica, uniq_sigmund

Skill      XL: |  1  2 |
---------------+-------+-----
Conjurations   | 5 |  5.3
Dodging        | |  2.7
Stealth        | |  2.6
Spellcasting   | |  3.4

Action                     || total
---------------------------++-------
   Cast: Magic Dart        ||    56
         Searing Ray       ||     1
 Armour: Robe              ||     2
  Dodge: Dodged            ||     3
